 Dungeon Crawl Stone Soup version 0.29.0-4-gdea44cf6ec (webtiles) character file.

Game seed: 13011901922347705134

52124 qw the Warrior (level 14, -3/207 HPs)
             Began as a Minotaur Berserker on Sept 4, 2022.
             Was a Priest of Trog.
             Slain by a fire elemental (8 damage)
             ... summoned by a deep elf pyromancer
             ... summoned by a centaur
             ... led by a centaur warrior
             ... on level 13 of the Dungeon.
             The game lasted 00:07:16 (24137 turns).

qw the Warrior (Minotaur Berserker)                Turns: 24137, Time: 00:07:16

Health: -3/207     AC: 26    Str: 27    XL:     14   Next: 26%
Magic:  0/13       EV:  9    Int:  4    God:    Trog [***...]
Gold:   1024       SH:  6    Dex: 10    Spells: 13/13 levels left

rFire   . . .      SeeInvis +   r - +1 demon whip (venom)
rCold   . . .      Faith    .   y - +0 buckler
rNeg    . . .      Spirit   +   s - +0 plate armour
rPois   .          Reflect  .   (helmet restricted)
rElec   .          Harm     .   f - +1 cloak
rCorr   .          Rampage  .   e - +2 pair of gloves
Will    +....                   d - +2 pair of boots
Stlth   ..........              p - amulet of guardian spirit
HPRegen 0.44/turn               q - +4 ring of slaying {mikee}
MPRegen 0.13/turn               o - ring of see invisible

@: berserking, on fire, glowing, very quick
A: horns 2, retaliatory headbutt
a: Renounce Religion, Berserk, Trog's Hand


You were on level 13 of the Dungeon.
You worshipped Trog.
Trog was most pleased with you.
You visited 2 branches of the dungeon, and saw 18 of its levels.

You collected 1197 gold pieces.
You spent 173 gold pieces at shops.


Innate Abilities, Weirdness & Mutations

You have a pair of horns on your head.
You reflexively headbutt those who attack you in melee.


   Skills:
 - Level 16.7 Fighting
 - Level 16.0 Axes
 + Level 4.9 Throwing
 - Level 15.0 Armour
 - Level 6.0 Dodging
 - Level 10.0 Shields


You had 13 spell levels left.
You didn't know any spells.
Your spell library was empty.

Inventory:

Hand Weapons
 r - a +1 demon whip of venom (weapon)
 Y - a +2 vampiric war axe
Missiles
 k - 10 boomerangs
 n - 5 silver boomerangs (quivered)
Armour
 d - a +2 pair of boots (worn)
 e - a +2 pair of gloves (worn)
 f - a +1 cloak (worn)
 s - a +0 plate armour (worn)
 y - a +0 buckler (worn)
Jewellery
 m - a +4 ring of protection
 o - a ring of see invisible (right hand)
 p - an amulet of guardian spirit (around neck)
 q - a +4 ring of slaying (left hand) {mikee}
 v - an amulet of regeneration
Wands
 j - a wand of digging (9)
Scrolls
 h - 6 scrolls of identify
 l - a scroll of brand weapon
 x - 14 scrolls of teleportation
Potions
 a - 2 potions of haste
 b - 6 potions of curing
 c - a potion of resistance
 g - a potion of mutation
 i - 4 potions of heal wounds
 t - 2 potions of might

Dungeon Overview and Level Annotations

Branches:
Dungeon (13/15)            Temple (0/1) D:7            Lair (5/5) D:9
 Shoals (0/4) Lair:3        Snake (0/4) Lair:2        Slime (0/5) Lair:5
    Orc (0/2) D:10
 Vaults: D:13-14

Altars:
Ashenzari
Cheibriados
Fedhas
Hepliaklqana
Qazlal
Sif Muna
Uskayaw
Yredelemnul
Jiyva

Shops:
D:8 (   D:11 (*

Portals:
Abyss: D:3

Annotations:
D:3 2 transporters, qw's ghost, amateur BaCK
D:9 3 runed translucent doors, qw's ghost, novice TrCA


Message History

The slime creature hits you but does no damage.
Your ogre hits the fire elemental with a +0 giant spiked club!!
You thrash the fire elemental!!
You destroy the fire elemental!
The fire elemental disappears in a puff of smoke!
The four-headed hydra closely misses you.
You furiously retaliate!
You headbutt the four-headed hydra!!
The four-headed hydra closely misses you.
The four-headed hydra bites you but does no damage. x2
The slime creature barely misses you. The slime creature hits you.
You block the deep elf pyromancer's attack.
The slime creature hits you but does no damage.
You thrash the four-headed hydra!!
The four-headed hydra is severely wounded.
You whack the four-headed hydra!
The four-headed hydra is almost dead.
The four-headed hydra bites you but does no damage. x3
You block the four-headed hydra's attack.
Your ogre closely misses the deep elf pyromancer.
You block the slime creature's attack.
The deep elf pyromancer casts a spell at you.
The sticky flame hits you but does no damage.
You are covered in liquid flames!
You block the slime creature's attack. The slime creature hits you!
You barely miss the four-headed hydra. You headbutt the four-headed hydra.
You kill the four-headed hydra!
The four-headed hydra's corpse dissolves into shadows!
You are covered in liquid flames!
The centaur shoots an arrow.
The arrow hits you.
You thrash the slime creature!!
The slime creature is heavily wounded.
You are covered in liquid flames!
You feel yourself speed up.
Your ogre misses the deep elf pyromancer.
The slime creature barely misses you. You furiously retaliate!
You headbutt the slime creature! The slime creature barely misses you.
The deep elf pyromancer hits you but does no damage.
The slime creature hits you but does no damage.
The fire elemental hits you. The fire elemental burns you!
You die...

....))....)########.#
#..........)..)...#.#
).######..)####^#.#.# .##
##..# #.#.#.#
.########..# #.#.#.#
#%.........# #..0..#
.#########.####.0.#######
.### #.....eO.......#
...# #####cE@J#####.#
...# #0#JJ# ...# #.#c.#
...# ....)# ...# .......
##.# c#.....## .# .....#
.. .....# ##.


You could see 3 slime creatures, a deep elf pyromancer (summoned, ally target),
a fire elemental (summoned), 2 centaurs and a friendly ogre (summoned, berserk).

Vanquished Creatures
  Rupert (Lair:3)
  Snorg (D:10)
  2 boulder beetles
  2 hydras
  A merfolk avatar (Lair:5)
  A catoblepas (Lair:3)
  2 two-headed ogres
  3 centaur warriors (D:13)
  A death yak (Lair:1)
  Amaemon (D:8)
  A sea snake (Lair:5)
  2 harpies (Lair:5)
  A necromancer (Lair:4)
  An oklob plant (Lair:5)
  2 manticores (D:12)
  3 elephants (Lair:3)
  3 black mambas
  An orange demon (D:8)
  A torpor snail (Lair:1)
  2 gargoyles
  3 cane toads (Lair:5)
  Maggie (Lair:1)
  4 rime drakes
  2 kobold demonologists (D:9)
  An efreet (D:13)
  11 komodo dragons
  5 trolls
  5 polar bears
  A wind drake (shapeshifter) (D:13)
  A wind drake (Lair:5)
  A hornet (D:7)
  A raiju (shapeshifter) (D:13)
  26 blink frogs
  7 slime creatures (D:12)
  2 shadows
  52 yaks
  A vampire (D:11)
  2 basilisks
  3 wyverns
  3 steam dragons
  7 vampire mosquitoes
  19 water moccasins
  An acid dragon (D:9)
  2 nagas (Lair:2)
  Duvessa (D:7)
  An orc warrior (D:8)
  2 sky beasts (D:7)
  4 black bears
  3 ogres (D:5)
  12 centaurs
  22 wolves
  A phantom (D:7)
  11 kobold brigands
  A necrophage (D:8)
  13 bullfrogs
  4 scorpions
  2 gnoll sergeants
  Dowan (D:7)
  6 wights
  3 killer bees (D:7)
  6 electric eels
  4 howler monkeys
  7 hounds
  2 orc priests
  2 iguanas
  4 orc wizards
  2 polar bear simulacra (Lair:4)
  3 wolf simulacra (Lair:4)
  14 gnolls
  11 adders
  2 shadow imps
  A white imp (D:7)
  2 worms
  A dart slug (D:2)
  30 orcs
  4 bats
  6 endoplasms
  A giant cockroach (D:3)
  14 goblins
  6 hobgoblins
  6 jackals
  3 quokkas (D:4)
  8 ball pythons
  A frilled lizard (D:1)
  52 kobolds
  3 rats
  6 river rat simulacra (Lair:4)
  A butterfly (Lair:3)
482 creatures vanquished.

Vanquished Creatures (collateral kills)
  A hydra (Lair:2)
  A troll (D:13)
  2 yaks (Lair:2)
4 creatures vanquished.

Vanquished Creatures (others)
  2 bushes
  26 fungi
  103 plants
131 creatures vanquished.

Grand Total: 617 creatures vanquished

Notes
Turn   | Place    | Note
-------+----------+-------------------------------------------
     0 | D:1      | qw the Minotaur Berserker began the quest for the Orb.
     0 | D:1      | Reached XP level 1. HP: 19/19 MP: 0/0
     0 | D:1      | 0 ||| qw: Version: 0.1-a-103-gd6f5d3a
     0 | D:1      | 0 ||| qw: Game counter: 5541
     0 | D:1      | 0 ||| qw: Always use a shield: true
     0 | D:1      | 0 ||| qw: Do Orc after D:15 true
     0 | D:1      | 0 ||| qw: Do second Lair branch before Depths: true
     0 | D:1      | 0 ||| qw: Lair rune preference: random
     0 | D:1      | 0 ||| qw: Plans: Normal
     0 | D:1      | 0 ||| PLANNING D:1-11
   211 | D:1      | 211 ||| Stepping ~*~*~tactically~*~*~ (stealth).
   215 | D:1      | 215 ||| Stepping ~*~*~tactically~*~*~ (hiding).
   220 | D:1      | 220 ||| INVOKING Berserk.
   225 | D:1      | Reached XP level 2. HP: 26/26 MP: 1/1
   434 | D:1      | You fall into a shaft and drop 1 floor!
   469 | D:2      | Found a hide-covered altar of Uskayaw.
   576 | D:2      | 576 ||| UPGRADING to +0 cloak.
   581 | D:2      | 581 ||| READING scroll labelled SINWUN GOTYET.
   582 | D:2      | 582 ||| READING scroll labelled CEIMOS SEORO.
   648 | D:1      | Found a faded altar of an unknown god.
   690 | D:1      | 690 ||| Stepping ~*~*~tactically~*~*~ (stealth).
   715 | D:1      | 715 ||| Stepping ~*~*~tactically~*~*~ (stealth).
   764 | D:1      | 764 ||| UPGRADING to +0 leather armour.
   775 | D:1      | 775 ||| DROPPING +0 animal skin.
   776 | D:1      | 776 ||| UPGRADING to +0 ring mail.
   786 | D:1      | 786 ||| DROPPING +0 leather armour.
   822 | D:1      | 822 ||| UPGRADING to +0 pair of gloves.
   886 | D:1      | 886 ||| UPGRADING to +0 chain mail.
   896 | D:1      | 896 ||| DROPPING +0 ring mail.
   969 | D:1      | Reached XP level 3. HP: 31/31 MP: 2/2
  1265 | D:1      | 1265 ||| SWAPPING to +0 war axe.
  1266 | D:1      | 1266 ||| DROPPING +0 hand axe.
  1267 | D:1      | 1267 ||| READING scroll labelled IWAGUR BIEMY.
  1268 | D:1      | 1268 ||| READING 3 scrolls labelled REDITU JUGGO.
  1269 | D:1      | 1269 ||| READING scroll labelled ZIASUSKEESS.
  1270 | D:1      | 1270 ||| DROPPING 2 scrolls of noise.
  1378 | D:2      | 1378 ||| Stepping ~*~*~tactically~*~*~ (hiding).
  1379 | D:2      | 1379 ||| Stepping ~*~*~tactically~*~*~ (hiding).
  1382 | D:2      | 1382 ||| INVOKING Berserk.
  1396 | D:2      | Reached skill level 6 in Axes
  1396 | D:2      | Reached XP level 4. HP: 34/39 MP: 3/3
  2036 | D:3      | Found a transporter.
  2038 | D:3      | Noticed qw's ghost (amateur BaCK)
  2050 | D:3      | Found a transporter.
  2050 | D:3      | Found a one-way gate to the infinite horrors of the Abyss.
  2235 | D:3      | Found a blossoming altar of Fedhas.
  2433 | D:3      | Reached ** piety under Trog
  2473 | D:3      | 2473 ||| DROPPING +0 whip.
  2542 | D:3      | Noticed a scorpion
  2547 | D:3      | Killed a scorpion
  2548 | D:3      | Reached XP level 5. HP: 45/45 MP: 4/4
  2563 | D:3      | Noticed a black bear
  2566 | D:3      | 2566 ||| INVOKING Berserk.
  2571 | D:3      | Killed a black bear
  2572 | D:3      | Reached XP level 6. HP: 55/55 MP: 5/5
  2744 | D:3      | 2744 ||| UPGRADING to +1 pair of boots.
  2749 | D:3      | 2749 ||| UPGRADING to ring of positive energy.
  2750 | D:3      | 2750 ||| DRINKING 2 sapphire potions.
  2751 | D:3      | 2751 ||| READING 2 scrolls of identify.
  2751 | D:3      | 2751 ||| IDENTIFYING dark potion
  2949 | D:4      | 2949 ||| Stepping ~*~*~tactically~*~*~ (stealth).
  2956 | D:4      | Reached skill level 3 in Armour
  3131 | D:4      | 3131 ||| INVOKING Berserk.
  3135 | D:4      | Reached XP level 7. HP: 60/60 MP: 6/6
  3400 | D:4      | Found a hazy altar of Hepliaklqana.
  3656 | D:4      | 3656 ||| READING scroll labelled ONYGYE ESUEJI.
  3657 | D:4      | 3657 ||| READING scroll labelled LAUPLA MOKH.
  3694 | D:5      | Entered Level 5 of the Dungeon
  3721 | D:5      | 3721 ||| Stepping ~*~*~tactically~*~*~ (stealth).
  3748 | D:5      | 3748 ||| Stepping ~*~*~tactically~*~*~ (stealth).
  3753 | D:5      | 3753 ||| INVOKING Berserk.
  3757 | D:5      | Reached skill level 9 in Axes
  3766 | D:5      | HP: 15/61 [gnoll/+0 spear[a gnoll sergeant] (1)]
  3769 | D:5      | Reached *** piety under Trog
  3815 | D:5      | 3815 ||| Stepping ~*~*~tactically~*~*~ (stealth).
  3877 | D:5      | 3877 ||| FLEEEEING.
  3878 | D:5      | 3878 ||| FLEEEEING.
  3879 | D:5      | 3879 ||| FLEEEEING.
  3942 | D:5      | 3942 ||| FLEEEEING.
  3943 | D:5      | 3943 ||| FLEEEEING.
  4037 | D:5      | 4037 ||| INVOKING Berserk.
  4172 | D:5      | 4172 ||| Stepping ~*~*~tactically~*~*~ (stealth).
  4180 | D:5      | 4180 ||| INVOKING Berserk.
  4339 | D:5      | 4339 ||| Stepping ~*~*~tactically~*~*~ (stealth).
  4363 | D:5      | 4363 ||| Stepping ~*~*~tactically~*~*~ (stealth).
  4453 | D:5      | Found the +3 woodcutter's axe {vorpal}
  4472 | D:5      | 4472 ||| Stepping ~*~*~tactically~*~*~ (stealth).
  4475 | D:5      | 4475 ||| INVOKING Berserk.
  4479 | D:5      | Reached skill level 1 in Throwing
  4479 | D:5      | Reached XP level 8. HP: 68/68 MP: 7/7
  4613 | D:5      | Reached skill level 6 in Fighting
  4820 | D:5      | 4820 ||| Stepping ~*~*~tactically~*~*~ (hiding).
  4895 | D:5      | 4895 ||| UPGRADING to ring of see invisible.
  4896 | D:5      | 4896 ||| READING scroll labelled JUITHR RUTZI.
  4899 | D:5      | 4899 ||| READING 3 scrolls of identify.
  4899 | D:5      | 4899 ||| IDENTIFYING viscous amethyst potion
  4900 | D:5      | 4900 ||| READING 2 scrolls of identify.
  4900 | D:5      | 4900 ||| IDENTIFYING clear potion
  5532 | D:6      | Found a basalt altar of Yredelemnul.
  5631 | D:6      | 5631 ||| Stepping ~*~*~tactically~*~*~ (stealth).
  5674 | D:6      | 5674 ||| DROPPING +0 flail.
  5837 | D:6      | Found a stormy altar of Qazlal.
  6015 | D:6      | 6015 ||| UPGRADING to +0 plate armour.
  6025 | D:6      | 6025 ||| DROPPING +0 chain mail.
  6026 | D:6      | 6026 ||| UPGRADING to +4 ring of slaying {mikee}.
  6028 | D:6      | 6028 ||| READING 2 scrolls labelled KYAGASCH HANIKH.
  6029 | D:6      | 6029 ||| READING scroll of enchant weapon.
  6029 | D:6      | 6029 ||| ENCHANTING +1 war axe.
  6030 | D:6      | 6030 ||| READING 2 scrolls of identify.
  6030 | D:6      | 6030 ||| IDENTIFYING fizzy dark potion
  6074 | D:7      | Noticed Duvessa
  6076 | D:7      | Noticed Dowan
  6078 | D:7      | 6078 ||| INVOKING Berserk.
  6081 | D:7      | Killed Duvessa
  6082 | D:7      | Reached skill level 6 in Armour
  6084 | D:7      | 6084 ||| STAIRDANCE
  6123 | D:7      | 6123 ||| INVOKING Berserk.
  6124 | D:7      | Killed Dowan
  6236 | D:7      | 6236 ||| Stepping ~*~*~tactically~*~*~ (hiding).
  6397 | D:7      | Reached skill level 12 in Axes
  6460 | D:7      | 6460 ||| Stepping ~*~*~tactically~*~*~ (stealth).
  6462 | D:7      | 6462 ||| Stepping ~*~*~tactically~*~*~ (stealth).
  6473 | D:7      | 6473 ||| Stepping ~*~*~tactically~*~*~ (stealth).
  6478 | D:7      | 6478 ||| Stepping ~*~*~tactically~*~*~ (stealth).
  6480 | D:7      | 6480 ||| Stepping ~*~*~tactically~*~*~ (stealth).
  6488 | D:7      | Reached XP level 9. HP: 69/77 MP: 8/8
  6568 | D:7      | Identified the +5 whip "Oreiguf" {freeze, *Corrode rC+
                  | Will++ Dex+4}
  6590 | D:7      | Found a staircase to the Ecumenical Temple.
  6602 | D:7      | 6602 ||| INVOKING Berserk.
  6770 | D:7      | 6770 ||| Stepping ~*~*~tactically~*~*~ (stealth).
  6771 | D:7      | 6771 ||| Stepping ~*~*~tactically~*~*~ (stealth).
  6809 | D:7      | 6809 ||| READING scroll labelled VEMISE ITTOUQETE.
  6810 | D:7      | 6810 ||| INVOKING Berserk.
  7302 | D:7      | 7302 ||| DROPPING orb of guile.
  7303 | D:7      | 7303 ||| DROPPING ring of positive energy.
  7304 | D:7      | 7304 ||| DROPPING ring of ice.
  7305 | D:7      | 7305 ||| READING scroll labelled JILACIL AXATHRI.
  7461 | D:8      | 7461 ||| FLEEEEING.
  7462 | D:8      | 7462 ||| FLEEEEING.
  7463 | D:8      | 7463 ||| FLEEEEING.
  7464 | D:8      | 7464 ||| FLEEEEING.
  7465 | D:8      | 7465 ||| FLEEEEING.
  7466 | D:8      | 7466 ||| FLEEEEING.
  7467 | D:8      | 7467 ||| FLEEEEING.
  7468 | D:8      | 7468 ||| FLEEEEING.
  7469 | D:8      | 7469 ||| FLEEEEING.
  7470 | D:8      | 7470 ||| FLEEEEING.
  7471 | D:8      | 7471 ||| FLEEEEING.
  7472 | D:8      | 7472 ||| FLEEEEING.
  7473 | D:8      | 7473 ||| FLEEEEING.
  7479 | D:8      | 7479 ||| FLEEEEING.
  7480 | D:8      | 7480 ||| FLEEEEING.
  7481 | D:8      | 7481 ||| FLEEEEING.
  7482 | D:8      | 7482 ||| FLEEEEING.
  7486 | D:8      | 7486 ||| STAIRDANCE
  7713 | D:8      | 7713 ||| Stepping ~*~*~tactically~*~*~ (stealth).
  7864 | D:8      | Reached **** piety under Trog
  7921 | D:8      | 7921 ||| Stepping ~*~*~tactically~*~*~ (stealth).
  7960 | D:8      | Found Saut's Weapon Emporium.
  7978 | D:8      | 7978 ||| DRINKING 5 potions of curing.
  7978 | D:8      | 7978 ||| (to cure confusion)
  7983 | D:8      | Noticed a two-headed ogre
  7989 | D:8      | 7989 ||| INVOKING Berserk.
  7992 | D:8      | Killed a two-headed ogre
  7993 | D:8      | Reached skill level 9 in Fighting
  8076 | D:8      | 8076 ||| FLEEEEING.
  8077 | D:8      | 8077 ||| FLEEEEING.
  8078 | D:8      | 8078 ||| FLEEEEING.
  8079 | D:8      | 8079 ||| FLEEEEING.
  8216 | D:8      | Noticed Amaemon
  8216 | D:8      | Noticed an orange demon
  8220 | D:8      | 8220 ||| INVOKING Berserk.
  8230 | D:8      | Killed Amaemon
  8231 | D:8      | Reached XP level 10. HP: 91/91 MP: 9/9
  8238 | D:8      | Killed an orange demon
  8459 | D:8      | 8459 ||| DROPPING +4 flail.
  8460 | D:8      | 8460 ||| DROPPING +5 whip "Oreiguf" {freeze, *Corrode rC+
                  | Will++ Dex+4}.
  8749 | D:8      | 8749 ||| FLEEEEING.
  8750 | D:8      | 8750 ||| FLEEEEING.
  8751 | D:8      | 8751 ||| FLEEEEING.
  8752 | D:8      | 8752 ||| FLEEEEING.
  8753 | D:8      | 8753 ||| FLEEEEING.
  8754 | D:8      | 8754 ||| FLEEEEING.
  8755 | D:8      | 8755 ||| FLEEEEING.
  8756 | D:8      | 8756 ||| FLEEEEING.
  8863 | D:8      | 8863 ||| FLEEEEING.
  8864 | D:8      | 8864 ||| FLEEEEING.
  8929 | D:8      | 8929 ||| INVOKING Berserk.
  8935 | D:8      | 8935 ||| FLEEEEING.
  8936 | D:8      | 8936 ||| FLEEEEING.
  8937 | D:8      | 8937 ||| FLEEEEING.
  8938 | D:8      | 8938 ||| FLEEEEING.
  8939 | D:8      | 8939 ||| FLEEEEING.
  9168 | D:8      | 9168 ||| READING scroll of enchant armour.
  9168 | D:8      | 9168 ||| ENCHANTING +0 pair of gloves.
  9176 | D:8      | 9176 ||| FLEEEEING.
  9177 | D:8      | 9177 ||| FLEEEEING.
  9178 | D:8      | 9178 ||| FLEEEEING.
  9179 | D:8      | 9179 ||| FLEEEEING.
  9180 | D:8      | 9180 ||| FLEEEEING.
  9181 | D:8      | 9181 ||| FLEEEEING.
  9182 | D:8      | 9182 ||| FLEEEEING.
  9183 | D:8      | 9183 ||| FLEEEEING.
  9184 | D:8      | 9184 ||| FLEEEEING.
  9185 | D:8      | 9185 ||| FLEEEEING.
  9186 | D:8      | 9186 ||| FLEEEEING.
  9187 | D:8      | 9187 ||| FLEEEEING.
  9188 | D:8      | 9188 ||| FLEEEEING.
  9395 | D:8      | 9395 ||| INVOKING Berserk.
  9601 | D:8      | 9601 ||| Stepping ~*~*~tactically~*~*~ (hiding).
  9608 | D:8      | 9608 ||| INVOKING Berserk.
  9871 | D:8      | 9871 ||| UPGRADING to amulet of guardian spirit.
  9876 | D:8      | 9876 ||| READING scroll labelled TEORRI SIKLEAS.
  9916 | D:9      | Found a hide-covered altar of Uskayaw.
  9919 | D:9      | Found a shimmering blue altar of Sif Muna.
  9921 | D:9      | 9921 ||| Stepping ~*~*~tactically~*~*~ (stealth).
  9922 | D:9      | 9922 ||| Stepping ~*~*~tactically~*~*~ (stealth).
  9927 | D:9      | 9927 ||| Stepping ~*~*~tactically~*~*~ (hiding).
  9936 | D:9      | 9936 ||| FLEEEEING.
  9937 | D:9      | 9937 ||| FLEEEEING.
  9938 | D:9      | 9938 ||| FLEEEEING.
  9939 | D:9      | 9939 ||| FLEEEEING.
  9940 | D:9      | 9940 ||| FLEEEEING.
  9941 | D:9      | 9941 ||| FLEEEEING.
  9942 | D:9      | 9942 ||| FLEEEEING.
  9943 | D:9      | 9943 ||| FLEEEEING.
  9944 | D:9      | 9944 ||| FLEEEEING.
  9945 | D:9      | 9945 ||| STAIRDANCE
 10098 | D:9      | 10098 ||| STAIRDANCE
 10135 | D:9      | Found a broken altar of Ashenzari.
 10138 | D:9      | Found a snail-covered altar of Cheibriados.
 10159 | D:9      | Noticed an orange demon
 10159 | D:9      | 10159 ||| Stepping ~*~*~tactically~*~*~ (hiding).
 10181 | D:9      | 10181 ||| Stepping ~*~*~tactically~*~*~ (stealth).
 10185 | D:9      | 10185 ||| Stepping ~*~*~tactically~*~*~ (stealth).
 10188 | D:9      | 10188 ||| Stepping ~*~*~tactically~*~*~ (stealth).
 10304 | D:9      | 10304 ||| Stepping ~*~*~tactically~*~*~ (stealth).
 10307 | D:9      | Reached skill level 15 in Axes
 10324 | D:9      | Reached skill level 3 in Dodging
 10458 | D:9      | Found a runed translucent gate.
 10458 | D:9      | Found a runed translucent gate.
 10458 | D:9      | Found a runed translucent gate.
 10459 | D:9      | Noticed qw's ghost (novice TrCA)
 10463 | D:9      | Found a staircase to the Lair.
 10468 | D:9      | 10468 ||| INVOKING Berserk.
 10632 | D:9      | 10632 ||| Stepping ~*~*~tactically~*~*~ (stealth).
 11202 | D:9      | Found a viscous altar of Jiyva.
 11204 | D:9      | 11204 ||| DRINKING 2 bubbling yellow potions.
 11205 | D:9      | 11205 ||| PLANNING LAIR
 11239 | D:9      | 11239 ||| DROPPING potion of lignification.
 11255 | Lair:1   | Entered Level 1 of the Lair of Beasts
 11264 | Lair:1   | 11264 ||| INVOKING Berserk.
 11496 | Lair:1   | 11496 ||| Stepping ~*~*~tactically~*~*~ (stealth).
 11521 | Lair:1   | Reached XP level 11. HP: 96/97 MP: 10/10
 11572 | Lair:1   | 11572 ||| INVOKING Berserk.
 11575 | Lair:1   | Reached skill level 9 in Armour
 12066 | Lair:1   | 12066 ||| INVOKING Berserk.
 12204 | Lair:1   | 12204 ||| INVOKING Berserk.
 12361 | Lair:1   | Noticed Maggie
 12364 | Lair:1   | Noticed a death yak
 12369 | Lair:1   | Killed Maggie
 12370 | Lair:1   | 12370 ||| INVOKING Berserk.
 12374 | Lair:1   | Killed a death yak
 12721 | Lair:1   | 12721 ||| DRINKING 3 golden potions.
 12722 | Lair:1   | 12722 ||| DRINKING 2 ruby potions.
 12723 | Lair:1   | 12723 ||| DROPPING potion of flight.
 12803 | Lair:2   | Found a staircase to the Snake Pit.
 12949 | Lair:2   | 12949 ||| Stepping ~*~*~tactically~*~*~ (stealth).
 12958 | Lair:2   | 12958 ||| Stepping ~*~*~tactically~*~*~ (stealth).
 13020 | Lair:2   | 13020 ||| READING scroll of enchant armour.
 13020 | Lair:2   | 13020 ||| ENCHANTING +1 pair of gloves.
 13086 | Lair:2   | Noticed a seven-headed hydra
 13087 | Lair:2   | 13087 ||| INVOKING Brothers in Arms.
 13088 | Lair:2   | 13088 ||| INVOKING Brothers in Arms.
 13089 | Lair:2   | 13089 ||| INVOKING Brothers in Arms.
 13090 | Lair:2   | 13090 ||| INVOKING Brothers in Arms.
 13091 | Lair:2   | 13091 ||| SWAPPING to +1 demon whip of venom.
 13093 | Lair:2   | 13093 ||| INVOKING Berserk.
 13096 | Lair:2   | Killed a seven-headed hydra
 13107 | Lair:2   | 13107 ||| SWAPPING to +2 war axe.
 13417 | Lair:2   | 13417 ||| Stepping ~*~*~tactically~*~*~ (stealth).
 13418 | Lair:2   | 13418 ||| Stepping ~*~*~tactically~*~*~ (stealth).
 13841 | Lair:3   | Reached skill level 12 in Fighting
 13920 | Lair:3   | 13920 ||| READING scroll of enchant armour.
 13920 | Lair:3   | 13920 ||| ENCHANTING +1 pair of boots.
 13989 | Lair:3   | Reached skill level 12 in Armour
 14033 | Lair:3   | 14033 ||| INVOKING Berserk.
 14039 | Lair:3   | Reached XP level 12. HP: 113/113 MP: 8/11
 14272 | Lair:3   | 14272 ||| Stepping ~*~*~tactically~*~*~ (stealth).
 14277 | Lair:3   | 14277 ||| Stepping ~*~*~tactically~*~*~ (stealth).
 14341 | Lair:3   | Noticed a catoblepas
 14343 | Lair:3   | 14343 ||| INVOKING Berserk.
 14347 | Lair:3   | Killed a catoblepas
 14654 | Lair:3   | Noticed Rupert
 14655 | Lair:3   | 14655 ||| INVOKING Trog's Hand.
 14656 | Lair:3   | 14656 ||| DRINKING 5 potions of curing.
 14656 | Lair:3   | 14656 ||| (to cure confusion)
 14663 | Lair:3   | 14663 ||| INVOKING Berserk.
 14673 | Lair:3   | Killed Rupert
 14715 | Lair:3   | 14715 ||| INVOKING Berserk.
 14976 | Lair:3   | Found a staircase to the Shoals.
 15219 | Lair:3   | 15219 ||| READING scroll of enchant armour.
 15219 | Lair:3   | 15219 ||| ENCHANTING +0 cloak.
 15624 | Lair:3   | 15624 ||| READING 2 scrolls of identify.
 15624 | Lair:3   | 15624 ||| IDENTIFYING coppery potion
 15625 | Lair:3   | 15625 ||| DROPPING potion of degeneration.
 15650 | Lair:4   | 15650 ||| INVOKING Berserk.
 15663 | Lair:4   | 15663 ||| FLEEEEING.
 15664 | Lair:4   | 15664 ||| FLEEEEING.
 15665 | Lair:4   | 15665 ||| STAIRDANCE
 15751 | Lair:4   | 15751 ||| INVOKING Berserk.
 15765 | Lair:4   | 15765 ||| STAIRDANCE
 15870 | Lair:4   | 15870 ||| Stepping ~*~*~tactically~*~*~ (stealth).
 15884 | Lair:4   | 15884 ||| Stepping ~*~*~tactically~*~*~ (stealth).
 15887 | Lair:4   | 15887 ||| INVOKING Berserk.
 15898 | Lair:4   | 15898 ||| Stepping ~*~*~tactically~*~*~ (water).
 15900 | Lair:4   | Reached skill level 15 in Fighting
 15911 | Lair:4   | 15911 ||| Stepping ~*~*~tactically~*~*~ (water).
 16280 | Lair:4   | 16280 ||| Stepping ~*~*~tactically~*~*~ (stealth).
 16282 | Lair:4   | 16282 ||| Stepping ~*~*~tactically~*~*~ (hiding).
 16287 | Lair:4   | 16287 ||| DRINKING potion of cancellation.
 16345 | Lair:4   | 16345 ||| Stepping ~*~*~tactically~*~*~ (stealth).
 16354 | Lair:4   | 16354 ||| Stepping ~*~*~tactically~*~*~ (stealth).
 16453 | Lair:4   | 16453 ||| INVOKING Berserk.
 16581 | Lair:4   | 16581 ||| INVOKING Berserk.
 16750 | Lair:4   | 16750 ||| Stepping ~*~*~tactically~*~*~ (stealth).
 16844 | Lair:4   | 16844 ||| FLEEEEING.
 16845 | Lair:4   | 16845 ||| FLEEEEING.
 16846 | Lair:4   | 16846 ||| FLEEEEING.
 16847 | Lair:4   | 16847 ||| FLEEEEING.
 16848 | Lair:4   | 16848 ||| FLEEEEING.
 16856 | Lair:4   | 16856 ||| STAIRDANCE
 16967 | Lair:3   | 16967 ||| DROPPING orb of guile.
 16968 | Lair:3   | 16968 ||| UPGRADING to +0 buckler.
 16973 | Lair:3   | 16973 ||| READING 2 scrolls of identify.
 16973 | Lair:3   | 16973 ||| IDENTIFYING metallic green potion
 16974 | Lair:3   | 16974 ||| DROPPING potion of berserk rage.
 17161 | Lair:4   | 17161 ||| INVOKING Berserk.
 17164 | Lair:4   | Reached skill level 1 in Shields
 17453 | Lair:4   | 17453 ||| Stepping ~*~*~tactically~*~*~ (stealth).
 17456 | Lair:4   | 17456 ||| Stepping ~*~*~tactically~*~*~ (stealth).
 17461 | Lair:4   | 17461 ||| Stepping ~*~*~tactically~*~*~ (stealth).
 17462 | Lair:4   | 17462 ||| Stepping ~*~*~tactically~*~*~ (stealth).
 17743 | Lair:5   | Entered Level 5 of the Lair of Beasts
 17768 | Lair:5   | Noticed a five-headed hydra
 17769 | Lair:5   | 17769 ||| INVOKING Brothers in Arms.
 17770 | Lair:5   | 17770 ||| INVOKING Brothers in Arms.
 17772 | Lair:5   | 17772 ||| INVOKING Brothers in Arms.
 17773 | Lair:5   | 17773 ||| SWAPPING to +1 demon whip of venom.
 17774 | Lair:5   | 17774 ||| INVOKING Berserk.
 17777 | Lair:5   | Killed a five-headed hydra
 17778 | Lair:5   | Reached skill level 3 in Shields
 17778 | Lair:5   | Reached XP level 13. HP: 126/126 MP: 10/12
 17789 | Lair:5   | 17789 ||| SWAPPING to +2 war axe.
 17866 | Lair:5   | 17866 ||| Stepping ~*~*~tactically~*~*~ (stealth).
 17877 | Lair:5   | 17877 ||| INVOKING Berserk.
 18080 | Lair:5   | 18080 ||| Stepping ~*~*~tactically~*~*~ (water).
 18081 | Lair:5   | 18081 ||| INVOKING Berserk.
 18132 | Lair:5   | 18132 ||| INVOKING Berserk.
 18264 | Lair:5   | 18264 ||| INVOKING Berserk.
 18268 | Lair:5   | Reached skill level 6 in Shields
 18390 | Lair:5   | 18390 ||| INVOKING Berserk.
 18573 | Lair:5   | Found a viscous altar of Jiyva.
 18575 | Lair:5   | Found a staircase to the Slime Pits.
 18576 | Lair:5   | 18576 ||| FLEEEEING.
 18606 | Lair:5   | 18606 ||| Stepping ~*~*~tactically~*~*~ (stealth).
 18710 | Lair:5   | 18710 ||| Stepping ~*~*~tactically~*~*~ (stealth).
 18720 | Lair:5   | 18720 ||| INVOKING Berserk.
 18915 | Lair:5   | 18915 ||| INVOKING Berserk.
 19024 | Lair:5   | 19024 ||| INVOKING Berserk.
 19255 | Lair:5   | 19255 ||| Stepping ~*~*~tactically~*~*~ (water).
 19256 | Lair:5   | 19256 ||| INVOKING Berserk.
 19284 | Lair:5   | 19284 ||| INVOKING Trog's Hand.
 19293 | Lair:5   | 19293 ||| INVOKING Trog's Hand.
 19296 | Lair:5   | Reached skill level 9 in Shields
 19365 | Lair:5   | Reached skill level 6 in Dodging
 19379 | Lair:5   | 19379 ||| Stepping ~*~*~tactically~*~*~ (stealth).
 19517 | Lair:5   | 19517 ||| INVOKING Berserk.
 19630 | Lair:5   | 19630 ||| Stepping ~*~*~tactically~*~*~ (stealth).
 19850 | Lair:5   | 19850 ||| INVOKING Berserk.
 20145 | Lair:5   | 20145 ||| Stepping ~*~*~tactically~*~*~ (stealth).
 20211 | Lair:5   | 20211 ||| Stepping ~*~*~tactically~*~*~ (stealth).
 20222 | Lair:5   | 20222 ||| Stepping ~*~*~tactically~*~*~ (stealth).
 20225 | Lair:5   | 20225 ||| Stepping ~*~*~tactically~*~*~ (stealth).
 20226 | Lair:5   | 20226 ||| Stepping ~*~*~tactically~*~*~ (stealth).
 20236 | Lair:5   | 20236 ||| FLEEEEING.
 20237 | Lair:5   | 20237 ||| FLEEEEING.
 20238 | Lair:5   | 20238 ||| FLEEEEING.
 20239 | Lair:5   | 20239 ||| FLEEEEING.
 20240 | Lair:5   | 20240 ||| FLEEEEING.
 20241 | Lair:5   | 20241 ||| FLEEEEING.
 20242 | Lair:5   | 20242 ||| FLEEEEING.
 20244 | Lair:5   | 20244 ||| FLEEEEING.
 20245 | Lair:5   | 20245 ||| FLEEEEING.
 20247 | Lair:5   | 20247 ||| FLEEEEING.
 20248 | Lair:5   | 20248 ||| FLEEEEING.
 20249 | Lair:5   | 20249 ||| FLEEEEING.
 20250 | Lair:5   | 20250 ||| FLEEEEING.
 20251 | Lair:5   | 20251 ||| FLEEEEING.
 20252 | Lair:5   | 20252 ||| FLEEEEING.
 20698 | Lair:5   | 20698 ||| PLANNING D:1-11
 20698 | Lair:5   | 20698 ||| DROPPING amulet of the acrobat.
 20699 | Lair:5   | 20699 ||| DRINKING 2 viscous yellow potions.
 20700 | Lair:5   | 20700 ||| READING 6 scrolls of identify.
 20700 | Lair:5   | 20700 ||| IDENTIFYING fizzy inky potion
 20701 | Lair:5   | 20701 ||| READING 5 scrolls of identify.
 20701 | Lair:5   | 20701 ||| IDENTIFYING metallic golden potion
 20702 | Lair:5   | 20702 ||| DROPPING potion of magic.
 20703 | Lair:5   | 20703 ||| DROPPING potion of brilliance.
 20851 | D:10     | Entered Level 10 of the Dungeon
 21252 | D:10     | Found a flagged portal.
 21253 | D:10     | 21253 ||| Stepping ~*~*~tactically~*~*~ (stealth).
 21496 | D:10     | Found a staircase to the Orcish Mines.
 21549 | D:10     | Noticed Snorg
 21551 | D:10     | 21551 ||| INVOKING Berserk.
 21554 | D:10     | Killed Snorg
 21586 | D:10     | 21586 ||| Stepping ~*~*~tactically~*~*~ (stealth).
 21587 | D:10     | 21587 ||| Stepping ~*~*~tactically~*~*~ (stealth).
 21592 | D:10     | 21592 ||| FLEEEEING.
 21593 | D:10     | 21593 ||| FLEEEEING.
 21594 | D:10     | 21594 ||| FLEEEEING.
 21595 | D:10     | 21595 ||| FLEEEEING.
 21596 | D:10     | 21596 ||| FLEEEEING.
 21597 | D:10     | 21597 ||| FLEEEEING.
 21598 | D:10     | 21598 ||| FLEEEEING.
 21599 | D:10     | 21599 ||| FLEEEEING.
 21600 | D:10     | 21600 ||| FLEEEEING.
 21601 | D:10     | 21601 ||| FLEEEEING.
 21602 | D:10     | 21602 ||| FLEEEEING.
 21603 | D:10     | 21603 ||| FLEEEEING.
 21604 | D:10     | 21604 ||| FLEEEEING.
 21605 | D:10     | 21605 ||| FLEEEEING.
 21606 | D:10     | 21606 ||| FLEEEEING.
 21835 | D:10     | 21835 ||| DROPPING +6 ring of strength.
 21836 | D:10     | 21836 ||| READING scroll labelled VUGEGU WAUTHIA.
 21887 | D:11     | Reached skill level 3 in Throwing
 21912 | D:11     | 21912 ||| DRINKING 7 potions of curing.
 21912 | D:11     | 21912 ||| (to cure confusion)
 21921 | D:11     | 21921 ||| FLEEEEING.
 21922 | D:11     | 21922 ||| FLEEEEING.
 21923 | D:11     | 21923 ||| FLEEEEING.
 21924 | D:11     | 21924 ||| FLEEEEING.
 21925 | D:11     | 21925 ||| FLEEEEING.
 21926 | D:11     | 21926 ||| FLEEEEING.
 21927 | D:11     | 21927 ||| FLEEEEING.
 21928 | D:11     | 21928 ||| FLEEEEING.
 21929 | D:11     | 21929 ||| FLEEEEING.
 21930 | D:11     | 21930 ||| FLEEEEING.
 21931 | D:11     | 21931 ||| FLEEEEING.
 21932 | D:11     | 21932 ||| FLEEEEING.
 21933 | D:11     | 21933 ||| FLEEEEING.
 21934 | D:11     | 21934 ||| FLEEEEING.
 21935 | D:11     | 21935 ||| FLEEEEING.
 21936 | D:11     | 21936 ||| FLEEEEING.
 21939 | D:11     | 21939 ||| FLEEEEING.
 21940 | D:11     | 21940 ||| STAIRDANCE
 22047 | D:11     | 22047 ||| INVOKING Berserk.
 22066 | D:11     | 22066 ||| Stepping ~*~*~tactically~*~*~ (stealth).
 22295 | D:11     | Found Gicoga's General Store.
 22302 | D:11     | 22302 ||| BUYING potion of might (56 gold).
 22302 | D:11     | Bought a potion of might for 56 gold pieces
 22302 | D:11     | 22302 ||| BUYING wand of digging (2) (117 gold).
 22302 | D:11     | Bought a wand of digging (2) for 117 gold pieces
 22384 | D:11     | Found Qeorch's Antique Weapon Emporium.
 22444 | D:11     | 22444 ||| PLANNING D
 22444 | D:11     | 22444 ||| DROPPING orb of mayhem.
 22445 | D:11     | 22445 ||| DROPPING amulet of magic regeneration.
 22685 | D:12     | 22685 ||| INVOKING Berserk.
 22891 | D:12     | 22891 ||| INVOKING Berserk.
 22896 | D:12     | Reached skill level 15 in Armour
 22896 | D:12     | Reached XP level 14. HP: 137/137 MP: 13/13
 23051 | D:12     | 23051 ||| Stepping ~*~*~tactically~*~*~ (stealth).
 23058 | D:12     | 23058 ||| INVOKING Berserk.
 23340 | D:12     | 23340 ||| Stepping ~*~*~tactically~*~*~ (hiding).
 23412 | D:12     | 23412 ||| Stepping ~*~*~tactically~*~*~ (hiding).
 23413 | D:12     | 23413 ||| Stepping ~*~*~tactically~*~*~ (hiding).
 23762 | D:13     | 23762 ||| Stepping ~*~*~tactically~*~*~ (stealth).
 23764 | D:13     | 23764 ||| Stepping ~*~*~tactically~*~*~ (stealth).
 23778 | D:13     | 23778 ||| Stepping ~*~*~tactically~*~*~ (hiding).
 23781 | D:13     | 23781 ||| Stepping ~*~*~tactically~*~*~ (hiding).
 23782 | D:13     | 23782 ||| Stepping ~*~*~tactically~*~*~ (hiding).
 23788 | D:13     | 23788 ||| INVOKING Brothers in Arms.
 23789 | D:13     | 23789 ||| INVOKING Brothers in Arms.
 23792 | D:13     | 23792 ||| SWAPPING to +1 demon whip of venom.
 23793 | D:13     | 23793 ||| INVOKING Berserk.
 23803 | D:13     | 23803 ||| SWAPPING to +2 vampiric war axe.
 23994 | D:13     | 23994 ||| Stepping ~*~*~tactically~*~*~ (hiding).
 24112 | D:13     | 24112 ||| Stepping ~*~*~tactically~*~*~ (stealth).
 24116 | D:13     | 24116 ||| Stepping ~*~*~tactically~*~*~ (hiding).
 24122 | D:13     | 24122 ||| INVOKING Brothers in Arms.
 24123 | D:13     | 24123 ||| INVOKING Brothers in Arms.
 24124 | D:13     | 24124 ||| INVOKING Brothers in Arms.
 24125 | D:13     | 24125 ||| INVOKING Brothers in Arms.
 24126 | D:13     | 24126 ||| INVOKING Brothers in Arms.
 24127 | D:13     | 24127 ||| INVOKING Brothers in Arms.
 24128 | D:13     | 24128 ||| SWAPPING to +1 demon whip of venom.
 24129 | D:13     | 24129 ||| INVOKING Berserk.
 24129 | D:13     | HP: 49/207 [burnt (10)]
 24133 | D:13     | HP: 24/207 [slime creature[a centaur warrior] (4)]
 24136 | D:13     | HP: 10/207 [burnt (2)]
 24137 | D:13     | HP: 4/207 [burnt (1)]
 24137 | D:13     | Slain by a fire elemental

Levels and vault maps discovered:
D:1:      kilobyte_arrival_exit_the_forest, layout_basic,
          basic_ecumenical_altar, serial_glass, glass_columns_a,
          glass_columns_c, glass_columns_a, glass_columns_a, glass_columns_a,
          glass_columns_b, glass_columns_b, glass_columns_a, glass_columns_a,
          glass_columns_b, glass_columns_a, glass_columns_b, glass_columns_a,
          glass_columns_c, item_on_display_a, minmay_strange_pillars,
          due_unseen_surprise, minmay_misc_feat_chi
D:2:      layout_basic, basic_altar
D:3:      layout_loops_cross, mainiacjoe_overflow_six_doors_small,
          gammafunk_ghost_abyssal_escape, minmay_pentangle
D:4:      layout_loops_ring, marbit_many_paths, roderic_roman_lattice
D:5:      layout_loops_ring, dk_noncrumbling_3
D:6:      layout_basic, mainiacjoe_overflow_alcove_2,
          mainiacjoe_overflow_concentric_impassable, serial_glass,
          glass_columns_a, glass_columns_a
D:7:      layout_loops_ring, minmay_temple_entry_antechambers, uniq_duvessa
D:8:      layout_basic, serial_shops, kennysheep_mini,
          eino_small_chamber_without_monster, dk_noncrumbling_2,
          kennysheep_path_1, uniq_amaemon
D:9:      layout_basic, grunt_temple_overflow_cloverleaf, erik_lair_island,
          gammafunk_ghost_ooze
D:10:     layout_loops_corners, orc_0_dummy, enter_bailey_5, uniq_snorg
D:11:     layout_gridville, serial_shops, shop_statue,
          nicolae_shop_temple_entry_statues_fountains, minmay_misc_feat_room,
          grunt_decor_one_mirror
D:12:     layout_irregular_city, nicolae_titane
D:13:     layout_loops_ring, fountainhead, st_stairs_2,
          grunt_dithmenos_smoke_and_mirrors
Lair:1:   layout_roguey, serial_rivers, chequers_serial_rivers_micro_b,
          chequers_serial_rivers_large_b, chequers_serial_rivers_small_b,
          chequers_serial_rivers_small_a, chequers_serial_rivers_micro_d,
          chequers_serial_rivers_micro_e, grunt_forest_stairs_basic,
          st_stairs_13, uniq_maggie
Lair:2:   layout_regular_city, minmay_snake_entry_guardpost_small
Lair:3:   layout_hall_layers, elwin_shoals_entry_rocks, lemuel_fruit_fields,
          grunt_megastairs_4, uniq_rupert
Lair:4:   layout_roguey, serial_bayou, serial_bayou_lagoon_a,
          serial_bayou_pond_b, serial_bayou_lagoon_b, serial_bayou_pond_d,
          st_stairs_7, eino_house_with_fridge
Lair:5:   gammafunk_lair_ancient_temple, layout_cave_pods,
          minmay_slime_entry_oklob_enclosed

Skill      XL: |  1  2  3  4  5  6  7  8  9 10 11 12 13 14 |
---------------+-------------------------------------------+-----
Axes           | 4 5 6 7 8 10 12 13 16 | 16.0
Fighting       | 4 5 6 9 12 15 16 | 16.7
Armour         | 3 4 6 7 8 12 14 15 | 15.0
Throwing       | 1 3 4 |  4.9
Dodging        | 3 4 5 6 |  6.0
Shields        | 3 10 | 10.0

Action                   |  1- 3 |  4- 6 |  7- 9 | 10-12 | 13-15 || total
-------------------------+-------+-------+-------+-------+-------++-------
Melee: Hand axe          |    39 |       |       |       |       ||    39
       Headbutt          |     4 |    12 |    29 |   104 |    90 ||   239
       War axe           |    13 |    81 |   203 |   438 |   420 ||  1155
       Punch             |       |     1 |     2 |     3 |       ||     6
       Demon whip        |       |       |       |    10 |    13 ||    23
Throw: Boomerang         |       |    13 |    63 |    14 |    39 ||   129
Invok: Berserk           |     2 |     2 |    10 |    21 |    18 ||    53
       Brothers in Arms  |       |       |       |     2 |     2 ||     4
       Trog's Hand       |       |       |       |     1 |     2 ||     3
  Use: Scroll            |     5 |     1 |    10 |     7 |     3 ||    26
       Potion            |       |     1 |     1 |     5 |     2 ||     9
Armor: Animal skin       |     2 |       |       |       |       ||     2
       Chain mail        |     9 |    40 |    40 |       |       ||    89
       Plate armour      |       |       |    47 |   213 |   256 ||   516
Dodge: Dodged            |    25 |    28 |    65 |   116 |   145 ||   379
Block: Buckler           |       |       |       |     3 |   122 ||   125

Table legend:
 A = Non-vault XP
 B = Vault XP
 C = Vault XP percentage of total XP
 D = Non-vault monster count
 E = Vault monster count
 F = Vault count percentage of total count
                 A         B        C        D         E       F
            +---------+---------+-------+---------+---------+-------
      Total |   57357 |   17106 |  23.0 |     410 |      75 |  15.5
            +---------+---------+-------+---------+---------+-------
        D:1 |      38 |       0 |   0.0 |      15 |       0 |   0.0
        D:2 |      98 |       0 |   0.0 |      18 |       0 |   0.0
        D:3 |     117 |     158 |  57.5 |       7 |      12 |  63.2
        D:4 |     362 |       2 |   0.5 |      20 |       1 |   4.8
        D:5 |     847 |       0 |   0.0 |      28 |       0 |   0.0
        D:6 |     607 |       0 |   0.0 |       9 |       0 |   0.0
        D:7 |    1338 |     218 |  14.0 |      27 |       2 |   6.9
        D:8 |    1949 |    1184 |  37.8 |      38 |       2 |   5.0
        D:9 |    2639 |     783 |  22.9 |      32 |       7 |  17.9
       D:10 |    2137 |     950 |  30.8 |      22 |       5 |  18.5
       D:11 |    2465 |       0 |   0.0 |      17 |       0 |   0.0
       D:12 |    6541 |       0 |   0.0 |      20 |       0 |   0.0
       D:13 |    6068 |     590 |   8.9 |      17 |       2 |  10.5
     Lair:1 |    4191 |     752 |  15.2 |      18 |       2 |  10.0
     Lair:2 |    3735 |     306 |   7.6 |      21 |       2 |   8.7
     Lair:3 |    8386 |    3568 |  29.8 |      32 |       9 |  22.0
     Lair:4 |    5437 |    1110 |  17.0 |      26 |      13 |  33.3
     Lair:5 |   10402 |    7485 |  41.8 |      43 |      18 |  29.5
            +---------+---------+-------+---------+---------+-------
